[Event "DVM U14 2021"]
[Site "Willingen"]
[Date "2022.08.13"]
[Round "1"]
[White "Goldinov, Daniel"]
[Black "Wagner, Anton"]
[Result "1/2-1/2"]
[ECO "C25"]
[WhiteElo "1546"]
[BlackElo "1479"]
[Annotator "NA RC COMBH"]
[PlyCount "61"]
[EventDate "2022.08.12"]
[EventType "team-tourn"]
[EventRounds "7"]
[EventCountry "GER"]
[SourceTitle "playchess.com"]
[Source "ChessBase"]
[SourceQuality "1"]
[TimeControl "40/5400+30:1800+30"]

1. e4 e5 2. Nc3 Nc6 3. Bc4 Bc5 4. Qg4 d6 5. Qxg7 Qf6 6. Qxf6 Nxf6 7. Nge2 Be6 8. Bxe6 fxe6 9. f4 exf4 10. Nxf4 Nd4 11. Kd1 e5 12. Nd3 Bb6 13. Rf1 Rf8 14. h3 O-O-O 15. Ne1 Nh5 16. Rxf8 Rxf8 17. d3 Rf1 18. Bd2 Nf4 19. Bxf4 Rxf4 20. Na4 Rf2 21. Nxb6+ axb6 22. c3 Ne6 23. Rc1 Rxb2 24. Rc2 Rxc2 25. Kxc2 Kd7 26. g3 Ke7 27. Nf3 Kf6 28. d4 exd4 29. cxd4 Ng5 30. Nxg5 Kxg5 31. Kd3 1/2-1/2

[Event "DVM U14 2021"]
[Site "Willingen"]
[Date "2022.08.13"]
[Round "1"]
[White "Vecera, Fabio"]
[Black "Klein, Maxim"]
[Result "*"]
[ECO "D46"]
[WhiteElo "1527"]
[BlackElo "1323"]
[Annotator "NA RC COMBH"]
[PlyCount "35"]
[EventDate "2022.08.12"]
[EventType "team-tourn"]
[EventRounds "7"]
[EventCountry "GER"]
[SourceTitle "playchess.com"]
[Source "ChessBase"]
[SourceQuality "1"]
[TimeControl "40/5400+30:1800+30"]

1. Nf3 Nf6 2. c4 c6 3. Nc3 d5 4. d4 e6 5. e3 Nbd7 6. Be2 Bd6 7. Qc2 O-O 8. O-O dxc4 9. Bxc4 b5 10. Be2 Qc7 11. b3 e5 12. h3 a6 13. Bb2 c5 14. Rac1 Bb7 15. dxe5 Nxe5 16. Nxe5 Bxe5 17. f4 Bd6 {[%emt 0:00:46] -0.22} 18. Bf3 *

[Event "DVM U14 2021"]
[Site "Willingen"]
[Date "2022.08.13"]
[Round "1"]
[White "Spranger, Tobias"]
[Black "Finck, Jonathan"]
[Result "1-0"]
[ECO "D58"]
[WhiteElo "1522"]
[BlackElo "1424"]
[Annotator "NA RC COMBH"]
[PlyCount "75"]
[EventDate "2022.08.12"]
[EventType "team-tourn"]
[EventRounds "7"]
[EventCountry "GER"]
[SourceTitle "playchess.com"]
[Source "ChessBase"]
[SourceQuality "1"]
[TimeControl "40/5400+30:1800+30"]

1. d4 d5 2. c4 e6 3. Nc3 Nf6 4. Bg5 Be7 5. Nf3 h6 6. Bh4 b6 7. e3 Bb7 8. Bd3 dxc4 9. Bxc4 O-O 10. O-O Nc6 11. Rc1 Na5 12. Be2 Nd5 13. Nxd5 Bxd5 14. Bg3 Bd6 15. b3 Bxg3 16. hxg3 Bb7 17. Ne5 a6 18. b4 f6 19. Ng6 Nc6 20. Nxf8 Kxf8 21. Bf3 Qd6 22. a3 Rc8 23. Qc2 Nd8 24. Bxb7 Nxb7 25. Rfd1 f5 26. e4 g6 27. d5 Kf7 28. dxe6+ Qxe6 29. exf5 gxf5 30. g4 fxg4 31. Qh7+ Kf8 32. Rxc7 Rxc7 33. Qxc7 Qe2 34. Qc8+ Kf7 35. Qxb7+ Kf6 36. Rd6+ Kg5 37. Qd5+ Qe5 38. Qxe5+ 1-0

[Event "DVM U14 2021"]
[Site "Willingen"]
[Date "2022.08.13"]
[Round "1"]
[White "Stein, Theodor"]
[Black "Braeutigam, Alexander"]
[Result "1-0"]
[ECO "B55"]
[WhiteElo "1510"]
[BlackElo "1771"]
[Annotator "NA RC COMBH"]
[PlyCount "103"]
[EventDate "2022.08.12"]
[EventType "team-tourn"]
[EventRounds "7"]
[EventCountry "GER"]
[SourceTitle "playchess.com"]
[Source "ChessBase"]
[SourceQuality "1"]
[TimeControl "40/5400+30:1800+30"]

1. e4 c5 2. Nf3 d6 3. d4 cxd4 4. Nxd4 Nf6 5. f3 e5 6. Nb5 a6 7. N5a3 Be7 8. c4 O-O 9. Be3 Be6 10. Nc3 Nbd7 11. Qd2 Rc8 12. Be2 Nb6 13. Nd5 Nbxd5 14. cxd5 Bd7 15. O-O b5 16. Rfc1 Nh5 17. Rxc8 Qxc8 18. Rc1 Qb7 19. Nc2 Rc8 20. Nb4 a5 21. Nc6 Bxc6 22. dxc6 Rxc6 23. Rxc6 Qxc6 24. Qxa5 Nf4 25. Qxb5 Qc2 26. Kf2 Qb1 27. Bxf4 exf4 28. Qb8+ Bf8 29. a4 Qc2 30. Qb5 Qd2 31. g3 g6 32. b3 Qe3+ 33. Kg2 fxg3 34. hxg3 h5 35. Qd3 Qc5 36. Qd5 Qc2 37. Qd3 Qc5 38. Qc4 Qg5 39. Qd5 Qf6 40. Bc4 g5 41. a5 Qb2+ 42. Kh3 g4+ 43. fxg4 hxg4+ 44. Kxg4 Qg7+ 45. Qg5 Qxg5+ 46. Kxg5 Be7+ 47. Kf5 Bd8 48. b4 Bc7 49. g4 Kg7 50. a6 Bb8 51. b5 Ba7 52. e5 1-0

[Event "DVM U14 2021"]
[Site "Willingen"]
[Date "2022.08.13"]
[Round "1"]
[White "Apel, Linus"]
[Black "Reus, Nicholas"]
[Result "1/2-1/2"]
[ECO "B18"]
[WhiteElo "1488"]
[BlackElo "1663"]
[Annotator "NA RC COMBH"]
[PlyCount "74"]
[EventDate "2022.08.12"]
[EventType "team-tourn"]
[EventRounds "7"]
[EventCountry "GER"]
[SourceTitle "playchess.com"]
[Source "ChessBase"]
[SourceQuality "1"]
[TimeControl "40/5400+30:1800+30"]

1. e4 c6 2. Nc3 d5 3. d4 dxe4 4. Nxe4 Bf5 5. Ng3 Bg6 6. Nf3 Nd7 7. c4 e6 8. Bd3 Bxd3 9. Qxd3 Ngf6 10. O-O Be7 11. b3 O-O 12. Bb2 a5 13. Rad1 Qc7 14. Rfe1 Rfe8 15. Ne4 Nxe4 16. Rxe4 Nf6 17. Rh4 h6 18. Bc1 Bf8 19. g4 g5 20. Nxg5 hxg5 21. Bxg5 Bg7 22. Re1 Rad8 23. Re3 e5 24. Qf5 Qd7 25. Qf3 Qxd4 26. Bxf6 Qd1+ 27. Kg2 Qxf3+ 28. Rxf3 e4 29. Rf5 Bxf6 30. Rxf6 Rd2 31. Rfh6 Re5 32. Rh8+ Kg7 33. R4h7+ Kf6 34. Rh6+ Ke7 35. Rb8 e3 36. Rxb7+ Kf8 37. Rf6 e2 1/2-1/2

[Event "DVM U14 2021"]
[Site "Willingen"]
[Date "2022.08.13"]
[Round "1"]
[White "Römer, Uri"]
[Black "Schaudienst, Arvid"]
[Result "0-1"]
[ECO "B21"]
[WhiteElo "1485"]
[BlackElo "1431"]
[Annotator "NA RC COMBH"]
[PlyCount "106"]
[EventDate "2022.08.12"]
[EventType "team-tourn"]
[EventRounds "7"]
[EventCountry "GER"]
[SourceTitle "playchess.com"]
[Source "ChessBase"]
[SourceQuality "1"]
[TimeControl "40/5400+30:1800+30"]

1. e4 c5 2. d4 cxd4 3. c3 d3 4. Nf3 d6 5. Bxd3 Nf6 6. O-O g6 7. Re1 Bg7 8. e5 dxe5 9. Bb5+ Bd7 10. Na3 e4 11. Ne5 O-O 12. Bg5 Bxb5 13. Qxd8 Rxd8 14. Nxb5 Ne8 15. Rad1 Rxd1 16. Rxd1 Bxe5 17. Rd8 f6 18. Rxe8+ Kf7 19. Rh8 fxg5 20. Rxh7+ Kf8 21. Kf1 Na6 22. Nd4 Nc7 23. f3 exf3 24. Nxf3 Bf6 25. g4 Kg8 26. Rh3 Rd8 27. Ke2 Nd5 28. Rg3 Nf4+ 29. Ke3 Rd3+ 30. Ke4 Rd6 31. Nd4 Bxd4 32. cxd4 Re6+ 33. Kf3 Re2 34. Rg1 Rxh2 35. Re1 Kf7 36. Re5 Kf6 37. Rb5 b6 38. a4 Nd3 39. b3 Rh3+ 40. Kg2 Nf4+ 41. Kf2 Rd3 42. a5 bxa5 43. Rxa5 Rxb3 44. Rxa7 Rd3 45. Ra6+ Ne6 46. Rb6 Rxd4 47. Kf3 Rd6 48. Rb8 Rd3+ 49. Kf2 Nf4 50. Rf8+ Ke5 51. Ra8 Ke4 52. Ra2 Rf3+ 53. Ke1 Nd3+ 0-1

[Event "DVM U14 2021"]
[Site "Willingen"]
[Date "2022.08.13"]
[Round "1"]
[White "Borgert, Alexander"]
[Black "Leonard, Etienne Peter"]
[Result "*"]
[ECO "D31"]
[WhiteElo "1477"]
[BlackElo "1373"]
[Annotator "NA RC COMBH"]
[PlyCount "102"]
[EventDate "2022.08.12"]
[EventType "team-tourn"]
[EventRounds "7"]
[EventCountry "GER"]
[SourceTitle "playchess.com"]
[Source "ChessBase"]
[SourceQuality "1"]
[TimeControl "40/5400+30:1800+30"]

1. d4 d5 2. c4 c6 3. Nf3 e6 4. Nc3 dxc4 5. e4 b5 6. d5 Bb4 7. dxc6 Qxd1+ 8. Kxd1 Bxc3 9. bxc3 Nxc6 10. a4 bxa4 11. Rxa4 Bb7 12. Bxc4 Nf6 13. Bb5 a6 14. Bd3 Rd8 15. Ke2 Ra8 16. Bg5 Nd7 17. Be3 O-O 18. Rb1 Bc8 19. Rba1 Ndb8 20. e5 a5 21. Bb5 Ba6 22. c4 Rc8 23. Bb6 Bxb5 24. cxb5 Nd7 25. bxc6 Nxb6 26. Rxa5 Rxa5 27. Rxa5 Rxc6 28. Nd4 Rc8 29. Ra6 Nd5 30. Rc6 Rxc6 31. Nxc6 g6 32. g3 Kg7 33. Nd8 Nc3+ 34. Kd3 Nd5 35. f4 h5 36. h4 Ne7 37. Ke4 Nf5 38. Kf3 Nd4+ 39. Kf2 Nf5 40. Nb7 Nh6 41. Nd6 Ng4+ 42. Kg2 Kg8 43. Ne8 Kf8 44. Nf6 Nxf6 45. exf6 Ke8 46. g4 Kd7 47. g5 Kd6 48. Kf3 Kd5 49. Ke3 Kc4 50. Ke4 Kc5 51. Ke5 {[%emt 0:00:54] 0.00} Kc6 *

[Event "DVM U14 2021"]
[Site "Willingen"]
[Date "2022.08.13"]
[Round "1"]
[White "Lichtinger, Simon"]
[Black "Schoen, Florian"]
[Result "*"]
[ECO "C52"]
[WhiteElo "1473"]
[BlackElo "1688"]
[Annotator "NA RC COMBH"]
[PlyCount "21"]
[EventDate "2022.08.12"]
[EventType "team-tourn"]
[EventRounds "7"]
[EventCountry "GER"]
[SourceTitle "playchess.com"]
[Source "ChessBase"]
[SourceQuality "1"]
[TimeControl "40/5400+30:1800+30"]

1. e4 e5 2. Nf3 Nc6 3. Bc4 Bc5 4. b4 Bxb4 5. c3 Ba5 6. d4 d6 7. O-O Bg4 8. Qa4 Bxf3 9. gxf3 exd4 10. cxd4 Kf8 11. Bb2 *

[Event "DVM U14 2021"]
[Site "Willingen"]
[Date "2022.08.13"]
[Round "1"]
[White "Fock, Madiha"]
[Black "Tomasjan, Samuel"]
[Result "0-1"]
[ECO "C45"]
[WhiteElo "1472"]
[BlackElo "1741"]
[Annotator "NA RC COMBH"]
[PlyCount "60"]
[EventDate "2022.08.12"]
[EventType "team-tourn"]
[EventRounds "7"]
[EventCountry "GER"]
[SourceTitle "playchess.com"]
[Source "ChessBase"]
[SourceQuality "1"]
[TimeControl "40/5400+30:1800+30"]

1. e4 e5 2. Nf3 Nc6 3. d4 exd4 4. Nxd4 Bc5 5. Be3 Qf6 6. c3 Nge7 7. Bc4 Bb6 8. O-O O-O 9. f4 d6 10. Be2 Re8 11. Qd3 Nxd4 12. cxd4 Nc6 13. e5 Bf5 14. Qd2 Qg6 15. Bf3 dxe5 16. dxe5 Rad8 17. Qf2 Nd4 18. Nd2 Nc2 19. Bxb6 Qxb6 20. Rad1 Ne3 21. Nb3 Nxd1 22. Rxd1 Qxf2+ 23. Kxf2 Bc2 24. Rxd8 Rxd8 25. Na5 Bb1 26. a3 Rd2+ 27. Kg3 Rxb2 28. Bxb7 Ra2 29. Nc4 Bd3 30. Bd5 c6 0-1

[Event "DVM U14 2021"]
[Site "Willingen"]
[Date "2022.08.13"]
[Round "1"]
[White "Marcziter, Alex"]
[Black "Lipinsky, Pierre"]
[Result "*"]
[ECO "B24"]
[WhiteElo "1466"]
[BlackElo "1560"]
[Annotator "NA RC COMBH"]
[PlyCount "31"]
[EventDate "2022.08.12"]
[EventType "team-tourn"]
[EventRounds "7"]
[EventCountry "GER"]
[SourceTitle "playchess.com"]
[Source "ChessBase"]
[SourceQuality "1"]
[TimeControl "40/5400+30:1800+30"]

1. e4 c5 2. Nc3 d6 3. g3 Nf6 4. Bg2 Nc6 5. d3 e6 6. Nh3 h6 7. f4 Bd7 8. O-O Qc8 9. Nf2 Be7 10. g4 e5 11. f5 g6 12. Kh1 h5 13. g5 Ng4 14. Nxg4 hxg4 15. Qxg4 Nd4 {[%emt 0:07:01] 0.31} 16. Rf2 *

[Event "DVM U14 2021"]
[Site "Willingen"]
[Date "2022.08.13"]
[Round "1"]
[White "Rudolph, Alexander"]
[Black "Wegener, Moritz"]
[Result "1/2-1/2"]
[ECO "B33"]
[WhiteElo "1417"]
[BlackElo "1202"]
[Annotator "NA RC COMBH"]
[PlyCount "110"]
[EventDate "2022.08.12"]
[EventType "team-tourn"]
[EventRounds "7"]
[EventCountry "GER"]
[SourceTitle "playchess.com"]
[Source "ChessBase"]
[SourceQuality "1"]
[TimeControl "40/5400+30:1800+30"]

1. e4 c5 2. Nf3 Nc6 3. d4 cxd4 4. Nxd4 Nf6 5. Nc3 e5 6. Ndb5 d6 7. Bg5 a6 8. Na3 b5 9. Nd5 Be7 10. Bxf6 Bxf6 11. c3 Bg5 12. Nc2 O-O 13. a4 Rb8 14. Ncb4 Nxb4 15. Nxb4 Qb6 16. Nd5 Qc6 17. Qh5 h6 18. Qxg5 Qxd5 19. Qxg7+ Kxg7 20. exd5 bxa4 21. Ra2 Rb6 22. Bd3 Bb7 23. c4 a3 24. bxa3 Rb3 25. Kd2 Rb8 26. Bc2 Rb6 27. Kc3 Rc8 28. Rd1 Rb5 29. Kd3 Rbc5 30. Bb3 Bxd5 31. Ke3 Bxc4 32. Bxc4 Rxc4 33. Rxd6 Ra4 34. Rd3 Rcc4 35. f3 e4 36. fxe4 Rxe4+ 37. Kd2 Rac4 38. Rc2 Rxc2+ 39. Kxc2 Re2+ 40. Rd2 Re3 41. Kb2 f6 42. g3 Kg6 43. Rd6 Re2+ 44. Kb3 Rxh2 45. Ka4 Rh5 46. Rxa6 Rg5 47. Ra8 Kh5 48. Kb4 Rxg3 49. a4 f5 50. a5 f4 51. a6 Rg1 52. a7 Ra1 53. Kb5 f3 54. Kb6 f2 55. Rf8 Rb1+ 1/2-1/2

[Event "DVM U14 2021"]
[Site "Willingen"]
[Date "2022.08.13"]
[Round "1"]
[White "Yue, Qihang"]
[Black "Pichl, Christoph"]
[Result "0-1"]
[ECO "E53"]
[WhiteElo "1401"]
[BlackElo "1617"]
[Annotator "NA RC COMBH"]
[PlyCount "158"]
[EventDate "2022.08.12"]
[EventType "team-tourn"]
[EventRounds "7"]
[EventCountry "GER"]
[SourceTitle "playchess.com"]
[Source "ChessBase"]
[SourceQuality "1"]
[TimeControl "40/5400+30:1800+30"]

1. d4 Nf6 2. c4 e6 3. Nc3 Bb4 4. Nf3 d5 5. e3 O-O 6. Bd3 c5 7. cxd5 Nxd5 8. Qc2 h6 9. a3 Bxc3+ 10. bxc3 cxd4 11. cxd4 Nc6 12. O-O Bd7 13. e4 Nf6 14. Be3 Ne7 15. Ne5 Bc6 16. Nxc6 Nxc6 17. Qb2 Qd7 18. h3 Rfd8 19. d5 exd5 20. Bxh6 Qe6 21. exd5 Qxd5 22. Rfd1 Qe5 23. Qxb7 Na5 24. Bf4 Qxf4 25. Qb5 Qc7 26. Rac1 Qb6 27. Qa4 Rd6 28. Qf4 Rad8 29. Bc2 Nb7 30. Rxd6 Qxd6 31. Qg5 Qd2 32. Qxd2 Rxd2 33. Bb1 Nd6 34. f3 Kf8 35. Kh2 Rb2 36. Bd3 Rb3 37. Rd1 Rxa3 38. Bf1 Ke7 39. Rc1 Nfe8 40. Re1+ Kd7 41. Rd1 a6 42. Bc4 f6 43. Bf7 Kc7 44. Rc1+ Kb6 45. Rb1+ Ka7 46. Bg6 Rc3 47. Re1 Rc8 48. Re7+ Kb6 49. g4 a5 50. Re3 a4 51. f4 Nc7 52. Ra3 Ka5 53. Bc2 Nd5 54. Rxa4+ Kb5 55. Bb3 Rc3 56. Bd1 Rd3 57. Be2 Kxa4 58. Bxd3 Nxf4 59. Bc2+ Kb4 60. Kg3 Ne6 61. h4 Kc3 62. Bb1 Kd4 63. Kf3 Ke5 64. Bg6 Nb5 65. Bd3 Nc3 66. g5 fxg5 67. hxg5 Nxg5+ 68. Kg4 Kf6 69. Bf5 Nd5 70. Bd3 Nf7 71. Bb1 Nh6+ 72. Kg3 Kg5 73. Be4 Nf5+ 74. Kf3 Nh4+ 75. Kg3 Ne7 76. Bb1 Nef5+ 77. Kf2 Kf4 78. Ba2 g5 79. Bd5 Nd6 0-1

[Event "DVM U14 2021"]
[Site "Willingen"]
[Date "2022.08.13"]
[Round "1"]
[White "Tran, Anh Duc Kevin"]
[Black "Gotfried, Elias"]
[Result "1/2-1/2"]
[ECO "C02"]
[WhiteElo "1398"]
[BlackElo "1589"]
[Annotator "NA RC COMBH"]
[PlyCount "46"]
[EventDate "2022.08.12"]
[EventType "team-tourn"]
[EventRounds "7"]
[EventCountry "GER"]
[SourceTitle "playchess.com"]
[Source "ChessBase"]
[SourceQuality "1"]
[TimeControl "40/5400+30:1800+30"]

1. e4 e6 2. d4 d5 3. e5 c5 4. c3 Nc6 5. Nf3 Qb6 6. b3 cxd4 7. cxd4 Nh6 8. Bb2 Bb4+ 9. Nc3 Nf5 10. a3 Be7 11. Na4 Qd8 12. Be2 Bd7 13. Rc1 O-O 14. O-O f6 15. Nc5 Bxc5 16. Rxc5 fxe5 17. dxe5 Be8 18. Nd4 Ncxd4 19. Bxd4 Nxd4 20. Qxd4 b6 21. Rc3 Rc8 22. Rfc1 Rxc3 23. Rxc3 Bg6 1/2-1/2

[Event "DVM U14 2021"]
[Site "Willingen"]
[Date "2022.08.13"]
[Round "1"]
[White "Gering, Jakob"]
[Black "Keck, Johannes"]
[Result "1-0"]
[ECO "D77"]
[WhiteElo "1349"]
[BlackElo "1310"]
[Annotator "NA RC COMBH"]
[PlyCount "111"]
[EventDate "2022.08.12"]
[EventType "team-tourn"]
[EventRounds "7"]
[EventCountry "GER"]
[SourceTitle "playchess.com"]
[Source "ChessBase"]
[SourceQuality "1"]
[TimeControl "40/5400+30:1800+30"]

1. d4 Nf6 2. Nf3 g6 3. g3 Bg7 4. c4 O-O 5. Bg2 d5 6. O-O e6 7. Nc3 b6 8. Bf4 Bb7 9. Ne5 Nbd7 10. Rc1 Rc8 11. Qa4 Nxe5 12. dxe5 Nd7 13. cxd5 exd5 14. Nxd5 Nc5 15. Qc4 g5 16. Be3 Bxe5 17. Bxc5 Bxd5 18. Bxd5 bxc5 19. Qxc5 Bxb2 20. Rb1 Ba3 21. Bxf7+ Rxf7 22. Qxa3 c5 23. Rb5 Rfc7 24. Qe3 Qe7 25. Qb3+ Kf8 26. Qc2 Kg7 27. Rd1 h6 28. Rd5 c4 29. e4 Rc5 30. Qc3+ Kg8 31. Rdxc5 Rxc5 32. Qb4 Re5 33. Qxc4+ Kh7 34. Rxe5 Qxe5 35. Qf7+ Kh8 36. Qf8+ Kh7 37. Qf5+ Qxf5 38. exf5 g4 39. Kg2 h5 40. f4 Kg7 41. Kf2 Kf6 42. Ke3 Kxf5 43. Kd4 h4 44. Kd5 h3 45. Kd4 a5 46. a4 Ke6 47. Ke4 Kd6 48. f5 Kc5 49. Ke5 Kb4 50. f6 Kxa4 51. f7 Kb3 52. f8=Q a4 53. Qb8+ Kc3 54. Qb1 a3 55. Qa2 Kb4 56. Ke4 1-0

[Event "DVM U14 2021"]
[Site "Willingen"]
[Date "2022.08.13"]
[Round "1"]
[White "Vesszö, Aaron"]
[Black "Wedekind, Ferdinand"]
[Result "0-1"]
[ECO "E05"]
[WhiteElo "1306"]
[BlackElo "1446"]
[Annotator "NA RC COMBH"]
[PlyCount "134"]
[EventDate "2022.08.12"]
[EventType "team-tourn"]
[EventRounds "7"]
[EventCountry "GER"]
[SourceTitle "playchess.com"]
[Source "ChessBase"]
[SourceQuality "1"]
[TimeControl "40/5400+30:1800+30"]

1. d4 d5 2. Nf3 Nf6 3. g3 e6 4. c4 Be7 5. Bg2 O-O 6. O-O dxc4 7. Ne5 c5 8. dxc5 Qc7 9. Nxc4 Rd8 10. Qc2 Qxc5 11. Ne3 Qb6 12. Nc3 Nc6 13. Nc4 Qc5 14. b3 Nd5 15. Nxd5 exd5 16. Ne3 Qxc2 17. Nxc2 Bf6 18. Rb1 Bf5 19. e4 dxe4 20. Ne3 Bg6 21. Bb2 Bxb2 22. Rxb2 Rd4 23. Rd1 Rxd1+ 24. Nxd1 Rd8 25. Nc3 Rd3 26. Rc2 Nd4 27. Rc1 Rxc3 28. Rxc3 Ne2+ 29. Kf1 Nxc3 30. a4 f5 31. a5 Kf7 32. Ke1 Ke6 33. Kd2 Nd5 34. h4 Bh5 35. Bf1 h6 36. Bc4 Ke5 37. Bxd5 Kxd5 38. Kc3 Be2 39. Kd2 Bb5 40. Ke3 g5 41. f3 exf3 42. Kxf3 Ke5 43. Ke3 f4+ 44. gxf4+ gxf4+ 45. Kf3 Kf5 46. b4 Bc6+ 47. Kf2 Kg4 48. Kf1 Kf3 49. h5 Bb5+ 50. Ke1 Kg2 51. Kd2 f3 52. Ke3 f2 53. Ke4 f1=Q 54. Kd5 Qf4 55. Ke6 Bc4+ 56. Kd7 Qf6 57. a6 bxa6 58. Kc7 Qb6+ 59. Kd7 Bb5+ 60. Ke7 Kf3 61. Kf7 Kf4 62. Kg7 Kg5 63. Kh7 Bd3+ 64. Kg7 Qf6+ 65. Kg8 Qe7 66. b5 Kf6 67. b6 Qe8# 0-1

[Event "DVM U14 2021"]
[Site "Willingen"]
[Date "2022.08.13"]
[Round "1"]
[White "Huber, Laura"]
[Black "Widmann, Maximilian"]
[Result "0-1"]
[ECO "B19"]
[WhiteElo "1302"]
[BlackElo "1573"]
[Annotator "NA RC COMBH"]
[PlyCount "58"]
[EventDate "2022.08.12"]
[EventType "team-tourn"]
[EventRounds "7"]
[EventCountry "GER"]
[SourceTitle "playchess.com"]
[Source "ChessBase"]
[SourceQuality "1"]
[TimeControl "40/5400+30:1800+30"]

1. e4 c6 2. d4 d5 3. Nc3 dxe4 4. Nxe4 Bf5 5. Ng3 Bg6 6. h4 h6 7. Nf3 Nd7 8. h5 Bh7 9. Bd3 Bxd3 10. Qxd3 e6 11. Bd2 Ngf6 12. O-O-O Qc7 13. Ne4 O-O-O 14. Nxf6 Nxf6 15. Qe2 Bd6 16. Kb1 Kb8 17. Bc1 c5 18. dxc5 Qxc5 19. Be3 Qb4 20. Rd4 Qa5 21. Rhd1 Nd5 22. Bd2 Qb6 23. Be3 Nc3+ 24. Ka1 Nxe2 25. R4d2 Bc5 26. Bxc5 Rxd2 27. Rxd2 Qxc5 28. Rxe2 Rd8 29. a3 Rd1+ 0-1

[Event "DVM U14 2021"]
[Site "Willingen"]
[Date "2022.08.13"]
[Round "1"]
[White "Walter, Romeo"]
[Black "Tietz, Bennit"]
[Result "0-1"]
[ECO "A25"]
[WhiteElo "1197"]
[BlackElo "1684"]
[Annotator "NA RC COMBH"]
[PlyCount "34"]
[EventDate "2022.08.12"]
[EventType "team-tourn"]
[EventRounds "7"]
[EventCountry "GER"]
[SourceTitle "playchess.com"]
[Source "ChessBase"]
[SourceQuality "1"]
[TimeControl "40/5400+30:1800+30"]

1. c4 e5 2. Nc3 Nc6 3. g3 Bc5 4. Bg2 d6 5. e3 a6 6. Nge2 Ba7 7. O-O h5 8. d4 h4 9. Bxc6+ bxc6 10. dxe5 Bh3 11. Re1 Bg4 12. Qa4 Bf3 13. e4 Qd7 14. exd6 Kf8 15. Qa3 hxg3 16. Bf4 Bxf2+ 17. Kf1 Qh3# 0-1

[Event "DVM U14 2021"]
[Site "Willingen"]
[Date "2022.08.13"]
[Round "1"]
[White "Negru, Maximilian"]
[Black "Jones, Richard S."]
[Result "1-0"]
[ECO "C54"]
[WhiteElo "1187"]
[BlackElo "2394"]
[Annotator "TA"]
[PlyCount "69"]
[EventDate "2022.08.12"]
[EventType "team-tourn"]
[EventRounds "7"]
[EventCountry "GER"]
[SourceTitle "playchess.com"]
[Source "ChessBase"]
[SourceQuality "1"]
[TimeControl "40/5400+30:1800+30"]

1. e4 e5 2. Nf3 Nc6 3. Bc4 Bc5 4. c3 Nf6 5. d4 exd4 6. cxd4 Bb4+ 7. Bd2 Bxd2+ 8. Nbxd2 d6 9. d5 Ne7 10. O-O O-O 11. Re1 {[%emt 0:03:11] [#] C54: Giuoco Piano: 4 c3 Nf6, main lines with 5 d4 and 5 d3.} a6 $146 ({Predecessor:} 11... Ng6 12. Nf1 Bg4 13. Ng3 Bxf3 14. Qxf3 Ne5 15. Qc3 Nxc4 16. Qxc4 Re8 17. Rac1 Rc8 18. Rc3 c5 19. f4 a6 {1-0 (19) Petraitis,G (1750)-Barsciauskas,G (1588) Lithuania 2019}) 12. h3 Re8 13. Qb3 {[%emt 0:06:02] The position is equal.} b5 14. Bf1 Ng6 (14... Bd7 $11) 15. a4 bxa4 (15... Bd7 $1 $11) 16. Rxa4 $16 Nd7 17. Qa2 {[%emt 0:07:17] 0x0.0005ec95e06adp-1022s more active pieces.} ({White should try} 17. Qc3 $16) 17... Bb7 18. b4 ({And not} 18. Bxa6 Nc5 19. Bb5 Nxa4 20. Bxa4 Qe7 $17) 18... Qc8 (18... Nb6 $14) 19. Ra5 (19. Rc1 $18) 19... Nge5 {[%emt 0:09:15] [#]} (19... Nde5 $16 {was necessary.}) 20. Nxe5 ({Better is} 20. Nd4 $1 $18) 20... Rxe5 (20... Nxe5 $16 21. Rc1 Re7) 21. Ra1 {[%emt 0:04:16] aiming for b5.} Nb8 $2 {[%emt 0:08:48][%mdl 8192] This move loses the game for Black.} (21... Nb6 $16 {was worth a try.} 22. Bxa6 Bxa6) 22. b5 $18 Qd8 23. bxa6 Bc8 24. a7 Nd7 25. Bb5 Bb7 26. Bxd7 Qxd7 27. Rb1 c6 28. Nc4 Re7 29. Nb6 Qd8 30. Nxa8 Qxa8 31. Qb3 {[%emt 0:00:13] White mates.} g6 {[%emt 0:03:31] [#]} 32. Qxb7 $3 Rxb7 33. Rxb7 Qxb7 34. a8=Q+ Qxa8 35. Rxa8+ {[%emt 0:00:04] Weighted Error Value: White=0.16 (very precise) /Black=0.86} 1-0

[Event "DVM U14 2021"]
[Site "Willingen"]
[Date "2022.08.13"]
[Round "1"]
[White "Dickel, Karl-Joachim"]
[Black "Jankowski, Antek"]
[Result "*"]
[ECO "B12"]
[WhiteElo "1178"]
[BlackElo "1119"]
[Annotator "NA RC COMBH"]
[PlyCount "53"]
[EventDate "2022.08.12"]
[EventType "team-tourn"]
[EventRounds "7"]
[EventCountry "GER"]
[SourceTitle "playchess.com"]
[Source "ChessBase"]
[SourceQuality "1"]
[TimeControl "40/5400+30:1800+30"]

1. e4 c6 2. d4 d5 3. e5 Bf5 4. Nf3 e6 5. Nc3 c5 6. Bb5+ Nc6 7. Bxc6+ bxc6 8. Be3 cxd4 9. Nxd4 Qc7 10. Nf3 Bg4 11. Qd4 Bxf3 12. gxf3 c5 13. Qa4+ Qd7 14. Qxd7+ Kxd7 15. Na4 Rc8 16. Rd1 f6 17. f4 h6 18. h4 h5 19. exf6 Nxf6 20. f3 g6 21. Rg1 Rg8 22. c3 Rc7 23. a3 Bd6 24. b4 cxb4 25. cxb4 Ke7 26. Nc5 Nd7 27. Rc1 *

[Event "DVM U14 2021"]
[Site "Willingen"]
[Date "2022.08.13"]
[Round "1"]
[White "Sun, Christopher"]
[Black "Fettig, Michel"]
[Result "*"]
[ECO "D11"]
[WhiteElo "1091"]
[BlackElo "1370"]
[Annotator "NA RC COMBH"]
[PlyCount "72"]
[EventDate "2022.08.12"]
[EventType "team-tourn"]
[EventRounds "7"]
[EventCountry "GER"]
[SourceTitle "playchess.com"]
[Source "ChessBase"]
[SourceQuality "1"]
[TimeControl "40/5400+30:1800+30"]

1. d4 d5 2. Nf3 Nf6 3. g3 Bf5 4. Bg2 e6 5. O-O Bd6 6. c4 c6 7. cxd5 cxd5 8. Nc3 O-O 9. Nh4 Bg6 10. Nxg6 fxg6 11. e4 dxe4 12. Nxe4 Nc6 13. Bg5 Be7 14. Nc5 Bxc5 15. dxc5 Qxd1 16. Raxd1 Rad8 17. Bh3 Nd4 18. Kg2 Nf5 19. Bxf6 gxf6 20. b4 Kf7 21. b5 Ke7 22. c6 bxc6 23. bxc6 Nd6 24. Rfe1 f5 25. Rd5 Rc8 26. Ra5 Rc7 27. Rc1 Ra8 28. Kf3 Ne4 29. Kf4 Kf6 30. f3 Nd6 31. Bf1 Rac8 32. Rac5 g5+ 33. Ke3 Nf7 34. Ba6 Rb8 35. Bb7 Nd6 36. Ba6 Rb6 *